 Dungeon Crawl Stone Soup version 0.26-b1-32-g5d43845318 (webtiles) character file.

Game seed: 12324277423310783405

778 Borgoz the Skirmisher (level 7, 0/61 HPs)
             Began as a Ghoul Gladiator on Jan 13, 2021.
             Killed from afar by an electric eel (5 damage)
             ... with a bolt of electricity
             ... on level 6 of the Dungeon.
             The game lasted 00:06:25 (3881 turns).

Borgoz the Skirmisher (Ghoul Gladiator)             Turns: 3881, Time: 00:06:25

Health: 0/61       AC: 14    Str: 22      XL:     7   Next: 85%
Magic:  6/6        EV: 11    Int:  5      God:
Gold:   336        SH:  0    Dex: 10 (12) Spells: 6/6 levels left

rFire    + + .     SeeInvis +   p - +2 mace "Keikucs" {elec, Str+4 Int+2 SInv} (curse)
rCold    . . .     Faith    .   (no shield)
rNeg     + + +     Spirit   .   f - +0 fire dragon scales
rPois    ∞         Reflect  .   c - +0 helmet
rElec    .         Harm     .   i - +0 cloak
rCorr    .         Rampage  .   (no gloves)
Will     .....                  b - +2 pair of boots
Stlth    ..........             g - amulet of regeneration
HPRegen  0.00/turn              (no ring)
MPRegen  0.10/turn              (no ring)

@: about to teleport, very slow
A: claws 1, cold resistance 1, negative energy resistance 3, inhibited
regeneration, torment resistance, unbreathing
a: no special abilities


You were on level 6 of the Dungeon.
You visited 1 branch of the dungeon, and saw 6 of its levels.

You collected 336 gold pieces.

Inventory:

Hand Weapons
 p - the cursed +2 mace "Keikucs" (weapon) {elec, Str+4 Int+2 SInv}
   (You found it on level 4 of the Dungeon)

   Occasionally, upon striking a foe, it can discharge electrical energy and
   cause terrible harm.
   It affects your strength (+4).
   It affects your intelligence (+2).
   It lets you see invisible.
   It has a curse placed upon it.
Missiles
 d - 2 throwing nets (quivered)
Armour
 b - a +2 pair of boots (worn)
 c - a +0 helmet (worn)
 f - +0 fire dragon scales (worn)
 i - a +0 cloak (worn)
 m - a +0 ring mail
Jewellery
 g - an amulet of regeneration (around neck)
 q - an uncursed amulet of reflection
Wands
 a - a wand of flame (7)
Scrolls
 j - 4 scrolls of teleportation
 l - 3 scrolls of magic mapping
 n - a scroll of fog
 o - 2 scrolls of remove curse {unknown}
 r - a scroll of acquirement {unknown}
Potions
 e - a potion of flight


   Skills:
 * Level 5.0 Fighting
 * Level 4.7 Maces & Flails
 - Level 1.7 Throwing
 * Level 3.5 Armour
 * Level 4.6 Dodging


You had 6 spell levels left.
You didn't know any spells.
Your spell library contained the following spells:

 Spells                   Type           Power        Failure   Level
 Foxfire                  Conj/Fire      0%           86%         1
 Magic Dart               Conj           0%           86%         1
 Blink                    Tloc           N/A          94%         2
 Call Imp                 Summ           0%           94%         2
 Slow                     Hex            0%           94%         2
 Conjure Flame            Conj/Fire      0%           99%         3
 Inner Flame              Hex/Fire       0%           99%         3
 Mephitic Cloud           Conj/Pois/Air  0%           99%         3
 Sticky Flame             Conj/Fire      0%           100%        4
 Fireball                 Conj/Fire      0%           100%        5


Dungeon Overview and Level Annotations

Branches:
Dungeon (6/15)
 Temple: D:4-7

Altars:
The Shining One

Shops:
D:6 :

Annotations:
D:5 Grinder


Innate Abilities, Weirdness & Mutations

You thrive by killing the living.
You are immune to poison.
You have sharp fingernails.
Your flesh is cold resistant. (rC+)
You are immune to negative energy. (rN+++)
You do not regenerate when monsters are visible.
You are immune to unholy pain and torment.
You can survive without breathing.


Message History

The electric eel is lightly wounded.
The adder zombie closely misses you.
You feel better.
The electric eel shoots out a bolt of lightning at you!
The bolt of electricity hits you!
* * * LOW HITPOINT WARNING * * *
The adder zombie bites you but does no damage.
As you read the scroll of teleportation, it crumbles to dust.
You feel strangely unstable.
The adder zombie bites you but does no damage.
Your unstable footing causes you to fumble your attack.
The electric eel shoots out a bolt of lightning at you!
The bolt of electricity hits you.
* * * LOW HITPOINT WARNING * * *
Your unstable footing causes you to fumble your attack.
The electric eel shoots out a bolt of lightning at you!
The bolt of electricity hits you.
* * * LOW HITPOINT WARNING * * *
The bolt of electricity hits you.
You die...

#≈≈#≈≈≈# #≈≈#≈≈≈#
#≈≈≈≈≈≈# ≈.
#≈≈≈≈≈≈#
≈≈.#≈≈≈≈≈≈#
≈≈≈≈≈≈≈≈≈≈#
≈≈≈≈≈≈;;≈≈# #..#
#@≈≈# .≈#.# #≈≈≈#
.≈≈≈≈≈≈## #≈≈≈#
≈≈≈#.≈≈# #≈≈##
##.###.≈## ##≈#
#...#....#
#####.##
.....)...###....##
.........'.'....#
.........#.'....#


You could see 2 electric eels.

Vanquished Creatures
  A phantom (D:5)
  2 centaurs
  A bullfrog (D:6)
  A howler monkey (D:4)
  A centaur zombie (D:5)
  2 hounds
  A centaur skeleton (D:6)
  2 bullfrog skeletons (D:5)
  An orc wizard (D:4)
  Robin (D:2)
  A gnoll (D:1)
  8 adders
  A shadow imp (D:6)
  An ooze (D:4)
  3 dart slugs
  4 leopard geckos
  14 orcs
  10 bats
  5 giant cockroaches
  15 goblins
  8 hobgoblins
  8 jackals
  A quokka (D:4)
  A ball python (D:1)
  4 frilled lizards
  A giant cockroach zombie (D:6)
  4 kobolds
  2 quokka skeletons
  2 rats
106 creatures vanquished.

Vanquished Creatures (others)
  4 plants (D:6)
4 creatures vanquished.

Grand Total: 110 creatures vanquished

Notes
Turn   | Place    | Note
-------+----------+-------------------------------------------
     0 | D:1      | Borgoz the Ghoul Gladiator began the quest for the Orb.
     0 | D:1      | Reached XP level 1. HP: 17/17 MP: 0/0
   113 | D:1      | Reached XP level 2. HP: 17/25 MP: 1/1
   362 | D:1      | HP: 1/25 [gnoll/+0 whip (7)]
   508 | D:1      | Found a glowing golden altar of the Shining One.
   961 | D:2      | Reached XP level 3. HP: 30/30 MP: 2/2
   964 | D:2      | Reached skill level 1 in Armour
  1181 | D:2      | You fall into a shaft and drop 1 floor!
  1388 | D:3      | Reached XP level 4. HP: 37/37 MP: 3/3
  1394 | D:3      | Reached skill level 3 in Fighting
  1875 | D:2      | Noticed Robin
  1893 | D:2      | Reached XP level 5. HP: 30/45 MP: 4/4
  1898 | D:2      | HP: 2/45 [Robin/+1 falchion of electrocution (14)]
  1903 | D:2      | Killed Robin
  2486 | D:4      | Got a fine mace
  2487 | D:4      | Identified the cursed +2 mace "Keikucs" {elec, Str+4 Int+2
                  | SInv} (You found it on level 4 of the Dungeon)
  2741 | D:4      | Reached XP level 6. HP: 50/52 MP: 5/5
  3038 | D:5      | Entered Level 5 of the Dungeon
  3046 | D:5      | Reached skill level 4 in Fighting
  3052 | D:5      | Noticed a phantom
  3087 | D:5      | Killed a phantom
  3133 | D:5      | Reached XP level 7. HP: 57/60 MP: 6/6
  3411 | D:5      | Noticed Grinder
  3460 | D:6      | Found Basad's Book Shop.
  3801 | D:6      | Reached skill level 5 in Fighting
  3881 | D:6      | Killed from afar by an electric eel

Illustrated notes

Levels and vault maps discovered:
D:1:      kennysheep_arrival_seaside, layout_basic, tso_altar
D:2:      layout_loops_corners, uniq_robin
D:3:      layout_basic
D:4:      layout_cave_pools
D:5:      layout_basic, minmay_temple_entry_hall, uniq_grinder
D:6:      wad_lake_hut, layout_loops_ring, serial_shops,
          nicolae_shop_statue_plus, nrook_pool_corridor, grunt_gozag_breadcrumbs

Skill      XL: |  1  2  3  4  5  6  7 |
---------------+----------------------+-----
Maces & Flails | 3 4 |  4.7
Dodging        | 3 4 |  4.6
Armour         | 1 2 3 |  3.5
Fighting       | 3 4 5 |  5.0
Throwing       | |  1.7

Action                   |  1- 3 |  4- 6 |  7- 9 || total
-------------------------+-------+-------+-------++-------
Melee: Flail             |    88 |   123 |       ||   211
       Mace              |       |    95 |    72 ||   167
Throw: Throwing net      |     1 |     2 |       ||     3
  Use: Scroll            |     6 |     6 |     1 ||    13
       Potion            |       |       |     5 ||     5
Armor: Leather armour    |    24 |       |       ||    24
       Ring mail         |    17 |   145 |       ||   162
       Fire dragon scale |       |    19 |    53 ||    72
Dodge: Dodged            |    65 |   245 |    39 ||   349
